 Dungeon Crawl Stone Soup version 0.31-a0-210-gccc998df9b (webtiles) character file.

Game seed: 15981361736942158421

319 ragingrage the Charlatan (level 6, -6/48 HPs)
             Began as a Formicid Artificer on June 29, 2023.
             Was an Initiate of Elyvilon.
             Killed by nerve-wracking pain
             ... invoked by an orc priest
              (11 damage)
             ... on level 4 of the Dungeon.
             The game lasted 00:04:02 (3424 turns).

ragingrage the Charlatan (Formicid Artificer)       Turns: 3424, Time: 00:04:03

Health: -6/48      AC:  3    Str: 16    XL:     6   Next: 75%
Magic:  8/8        EV: 11    Int: 11    God:    Elyvilon [......]
Gold:   167        SH:  0    Dex: 22    Spells: 5/5 levels left

rFire   . . .        a - +0 falchion
rCold   . . .        (no shield)
rNeg    . . .        b - +0 leather armour
rPois   .            (helmet unavailable)
rElec   .            (no cloak)
rCorr   .            (no gloves)
SInv    +            (no boots)
Will    .....        (no amulet)
Stlth   +++          i - +6 ring of dexterity
HPRegen 0.28/turn    s - ring of wizardry
MPRegen 0.11/turn

%: wizardry (x1)
@: no status effects
A: permanent stasis, dig shafts and tunnels, antennae 3, four strong arms
a: Dig, Shaft Self, Renounce Religion


You were on level 4 of the Dungeon.
You worshipped Elyvilon.
Elyvilon was noncommittal.
You visited 1 branch of the dungeon, and saw 4 of its levels.
You also visited: Sewer.

You collected 167 gold pieces.

Inventory:

Hand Weapons
 a - a +0 falchion (weapon)
Missiles
 u - 10 poisoned darts (quivered)
Armour
 b - a +0 leather armour (worn)
Jewellery
 i - a +6 ring of dexterity (left hand)
 s - a ring of wizardry (right hand)
Wands
 c - a wand of flame (10)
 d - a wand of charming (12)
 e - a wand of iceblast (4)
 t - a wand of paralysis (13)
Scrolls
 j - a scroll of brand weapon {unknown}
 l - 3 scrolls of amnesia {unknown}
 m - 5 scrolls of noise {unknown}
 o - a scroll of enchant armour {unknown}
 p - 2 scrolls of teleportation {unknown}
 q - a scroll of acquirement {unknown}
 v - a scroll of identify {unknown}
 w - a scroll of silence {unknown}
Potions
 f - 2 potions of resistance {unknown}
 g - 8 potions of curing
 h - 2 potions of might {unknown}
 k - a potion of heal wounds {unknown}
 n - 3 potions of enlightenment
 r - a potion of attraction {unknown}


   Skills:
 + Level 4.2 Fighting
 - Level 2.1 Armour
 - Level 0.8 Dodging
 - Level 3.0 Stealth
 - Level 3.3 Invocations
 + Level 5.0 Evocations


You had 5 spell levels left.
You didn't know any spells.
Your spell library contained the following spells:

 Spells                   Type           Power      Damage    Failure   Level
 Tukima's Dance           Hex            0%         N/A       45%         3
 Passage of Golubria      Tloc           0%         N/A       83%         4
 Yara's Violent Unravell  Hex/Tmut       0%         3d3       99%         5


Dungeon Overview and Level Annotations

Branches:
Dungeon (4/15)              Sewer (visited)
 Temple: D:4-7

Altars:
Qazlal

Annotations:
D:3 exclusion: downstairs


Innate Abilities, Weirdness & Mutations

You cannot be hasted, slowed, berserked, paralysed or teleported.
You can dig through walls and to a lower floor.
You have a pair of large antennae on your head. (SInv)
Your four strong arms can wield two-handed weapons with a shield.


Message History

Unknown command.
Things that are here:
a +0 club; a +0 short sword You see here a poisoned dart.
You see here a poisoned dart.
The orc priest hits you but does no damage.
You see here 2 poisoned darts.
You hit the orc priest.
The orc priest looks satisfied for a moment.
The orc priest closely misses you.
You barely miss the orc priest.
The orc priest hits you with a +0 flail.
You closely miss the orc priest.
The orc priest miscasts a cantrip.
You hit the orc priest but do no damage.
The orc priest hits you with a +0 flail!
The orc priest invokes the aid of Beogh against you.
Pain shoots through your body!
You slash the orc priest!
The orc priest hits you with a +0 flail!
You hit the orc priest but do no damage.
The orc priest mumbles some strange prayers to Beogh against you.
Beogh smites you!
* * * LOW HITPOINT WARNING * * *
You hit the orc priest.
The orc priest invokes the aid of Beogh against you.
Pain shoots through your body!
* * * LOW HITPOINT WARNING * * *
Aiming: Throw Flame
Press: ? - help, Shift-Dir - straight line, f - orc priest
Aim: an orc priest, wielding a +0 flail and wearing a +0 scale mail (almost dead, 77% to hit)
The puff of flame hits the orc priest but does no damage.
The orc priest closely misses you.
Aiming: Throw Flame
Press: ? - help, Shift-Dir - straight line, f/p - orc priest
Aim: an orc priest, wielding a +0 flail and wearing a +0 scale mail (almost dead, 77% to hit)
The puff of flame hits the orc priest but does no damage.
The orc priest mumbles some strange prayers to Beogh against you.
Pain shoots through your body!
You die...

#......#..............
##......##......#....#
#.......##.....))#..#
.........##....)<..#
#..#.....##..).)...#
## ###.....#...>..##
#. ##......(....## #..
##....(......#
##..###...@..####....
####........o.(##
#....
...........(...## ##..
#.....####......# #.
###....#....##..#
#....)....####...#
.####...## ##...$
#..## ..... ##.# #....


You could see an orc priest.

Vanquished Creatures
  A kobold brigand (Sewer)
  3 orc priests
  A sleepcap (D:4)
  An orc wizard (D:4)
  3 adders
  A river rat (Sewer)
  A worm (D:3)
  2 dart slugs (D:3)
  5 orcs
  5 bats
  6 endoplasms
  5 goblins
  3 hobgoblins
  A jackal (Sewer)
  9 kobolds
  5 ball pythons
  4 frilled lizards
  8 rats
64 creatures vanquished.

Vanquished Creatures (collateral kills)
  2 orcs (D:4)
  A bat (D:1)
3 creatures vanquished.

Vanquished Creatures (others)
  A hobgoblin (D:1)
1 creature vanquished.

Grand Total: 68 creatures vanquished

Notes
Turn   | Place    | Note
-------+----------+-------------------------------------------
     0 | D:1      | ragingrage the Formicid Artificer began the quest for the
                  | Orb.
     0 | D:1      | Reached XP level 1. HP: 15/15 MP: 1/1
   172 | D:1      | Reached XP level 2. HP: 21/21 MP: 2/2
   758 | D:2      | Reached XP level 3. HP: 26/26 MP: 3/3
   915 | D:2      | Reached skill level 4 in Evocations
  1184 | D:2      | Found a stormy altar of Qazlal.
  1449 | D:3      | Reached XP level 4. HP: 25/32 MP: 4/4
  1675 | D:3      | Found a glowing drain.
  1731 | Sewer    | Entered a sewer
  1877 | Sewer    | Noticed a kobold brigand
  1882 | Sewer    | Killed a kobold brigand
  1883 | Sewer    | Reached skill level 5 in Evocations
  1883 | Sewer    | Reached XP level 5. HP: 41/41 MP: 5/5
  1975 | Sewer    | Found a white marble altar of Elyvilon.
  2112 | Sewer    | Became a worshipper of Elyvilon the Healer
  2751 | D:4      | Reached skill level 1 in Invocations
  2751 | D:4      | Reached XP level 6. HP: 48/48 MP: 6/6
  3424 | D:4      | Killed from afar by an orc priest

Illustrated notes

Levels and vault maps discovered:
D:1:      saegor_arrival_simple_d, layout_rooms, minmay_misc_feat_encased
D:2:      layout_loops_ring, basic_altar
D:3:      layout_basic, portal_sewer_entry_d, st_stairs_5
D:4:      layout_layer_cave, mainiacjoe_overflow_boulevard, minmay_manual_moon,
          uniq_robin

Skill      XL: |  1  2  3  4  5  6 |
---------------+-------------------+-----
Stealth        | 2 3 |  3.0
Evocations     | 4 5 |  5.0
Fighting       | 3 4 |  4.2
Invocations    | 1 3 |  3.3
Armour         | |  2.1
Dodging        | |  0.8

Action                     |  1- 3 |  4- 6 || total
---------------------------+-------+-------++-------
  Melee: Club              |    21 |       ||    21
         Falchion          |    89 |    87 ||   176
         Punch             |     5 |     1 ||     6
  Throw: Dart              |       |    15 ||    15
  Evoke: Wand              |     2 |     8 ||    10
   Stab: Sleeping          |     6 |     5 ||    11
         Paralysed         |       |     5 ||     5
 Armour: Leather armour    |    40 |    14 ||    54
  Dodge: Dodged            |    79 |    40 ||   119

Table legend: (Time is in decaauts)
 A = Elapsed time spent in this place.
 B = Non-inter-level travel time spent in this place.
 C = Inter-level travel time spent in this place.
 D = Time resting spent in this place.
 E = Time spent auto-exploring this place.
 F = Levels seen in this place.
 G = Mean time per level.
                   A        B        C        D        E       F      G
               +--------+--------+--------+--------+--------+-----+--------+
         Total |   3565 |   3427 |    138 |    827 |   1690 |   5 |  713.0 |
       Dungeon |   3085 |   2947 |    138 |    729 |   1489 |   4 |  771.2 |
         Sewer |    480 |    480 |      0 |     98 |    200 |   1 |  480.0 |
               +--------+--------+--------+--------+--------+-----+--------+

Top non-repeatable levels by time:
     D:3: 1492 daAuts
     D:1: 678 daAuts
     D:2: 658 daAuts
   Sewer: 480 daAuts
     D:4: 256 daAuts
